 Dungeon Crawl Stone Soup version 0.25-a0-949-gdd2af9e06e (webtiles) character file.

Game seed: 6879386760484401026, levelgen mode: deterministic

19 Maedhros the Sneak (level 2, -1/18 HPs)
             Began as an Octopode Artificer on May 8, 2020.
             Killed from afar by an orc wizard (12 damage)
             ... with a puff of flame
             ... on level 4 of the Dungeon.
             The game lasted 00:00:45 (423 turns).

Maedhros the Sneak (Octopode Artificer)              Turns: 423, Time: 00:00:45

Health: -1/18      AC:  1    Str: 11    XL:     2   Next: 75%
Magic:  4/4        EV: 13    Int: 13    God:
Gold:   0          SH:  0    Dex: 12    Spells: 1/1 levels left

rFire    . . .     SeeInvis .   h - +0 whip (elec)
rCold    . . .     Gourm    .   (no shield)
rNeg     . . .     Faith    .   (helmet restricted)
rPois    .         Spirit   .   (no amulet)
rElec    .         Reflect  .   (no ring)
rCorr    .         Harm     .   (no ring)
MR       .....                  (no ring)
Stlth    +++.......             (no ring)
HPRegen  0.06/turn              (no ring)
MPRegen  0.09/turn              (no ring)
                                (no ring)
                                (no ring)

@: no status effects
A: almost no armour, stealthy swim, amphibious, 8 rings, constrict 8, camouflage
1, gelatinous body 1
a: no special abilities


You were on level 4 of the Dungeon.
You were not hungry.

You visited 1 branch of the dungeon, and saw 3 of its levels.

Inventory:

Hand Weapons
 a - a +0 short sword
 h - a +0 whip of electrocution (weapon)
Wands
 b - a wand of flame (15)
 c - a wand of enslavement (14)
 d - a wand of random effects (15)
Potions
 e - a potion of curing {unknown}
Comestibles
 f - 2 rations
 g - 2 chunks of flesh


   Skills:
 - Level 1.0 Fighting
 - Level 1.0 Short Blades
 - Level 2.0 Dodging
 + Level 3.9 Stealth
 - Level 3.2 Evocations


You had one spell level left.
You didn't know any spells.
Your spell library was empty.

Dungeon Overview and Level Annotations

Branches:
Dungeon (1/15)

Altars:


Innate Abilities, Weirdness & Mutations

You cannot wear most types of armour.
You are very stealthy in the water. (Stealth+)
You are amphibious.
You can wear up to eight rings at the same time.
You can use your tentacles to constrict eight enemies at once.
Your skin changes colour to match your surroundings (Stealth+).
Your rubbery body absorbs attacks. (AC +1, EV +1)


Message History

There is a shaft here.
You fall into a shaft and drop 2 floors!
The shaft crumbles and collapses.
You hear the sound of rushing water.
There is an entrance to a sewer on this level.
Hurry and find it before the portal rusts away!
Unknown command.
Found a stone staircase leading up.
An adder comes into view.
The adder hisses angrily.
An orc wizard comes into view. It is wielding a +0 dagger.
The orc wizard shouts!
Evoke which item? (* to show all) (? for menu, Esc to quit)
Aiming: Enslavement
Press: ? - help, Shift-Dir - straight line, f - adder
Aim: an adder (chance to defeat MR: 64%)
The adder struggles to resist.
The orc wizard points at you and mumbles some strange words.
The puff of flame hits you!
Ouch! That really hurt!
You die...

. #.# ....
#########
#.#..##.......#
....S....####.#
.#.###@.# #.#
.o....<........
#.#..#...#....#.
....
#...#.####.# ..#
#...#.. # .
#...# ## ###..
..


You could see an orc wizard and an adder.

Vanquished Creatures
  A worm (D:2)
  A ball python (D:1)
  3 goblins
  3 hobgoblins (D:2)
  3 kobolds
  A quokka (D:2)
  3 rats (D:2)
15 creatures vanquished.

Notes
Turn   | Place    | Note
-------+----------+-------------------------------------------
     0 | D:1      | Maedhros the Octopode Artificer began the quest for the
                  | Orb.
     0 | D:1      | Reached XP level 1. HP: 13/13 MP: 3/3
   248 | D:1      | You fall into a shaft and drop 1 floor!
   278 | D:2      | Reached XP level 2. HP: 18/18 MP: 4/4
   416 | D:2      | You fall into a shaft and drop 2 floors!
   423 | D:4      | Killed from afar by an orc wizard

Levels and vault maps discovered:
D:1:      giann_forest_graveyard, layout_basic, nrook_loot_triangle,
          minivault_11, minmay_octomino_e4
D:2:      layout_loops_corners, lemuel_round_altar
D:4:      corexii_shack_village, layout_basic, lemuel_crystal_altar,
          nicolae_qazlal_eye_of_the_storm, serial_shops, shop, first_ration,
          portal_sewer_entry_d, st_stairs_2, item_on_display_a

Skill      XL: |  1 |
---------------+----+-----
Stealth        | 3 |  3.9
Fighting       | |  1.0
Short Blades   | |  1.0
Dodging        | |  2.0
Evocations     | |  3.2

Action                   || total
-------------------------++-------
Melee: Short sword       ||    16
       Constrict         ||    10
       Tentacles         ||     8
       Whip              ||    12
Evoke: Wand              ||     1
 Stab: Sleeping          ||     2
Dodge: Dodged            ||    15

Table legend:
 A = Non-vault XP
 B = Vault XP
 C = Vault XP percentage of total XP
 D = Non-vault monster count
 E = Vault monster count
 F = Vault count percentage of total count
                 A         B        C        D         E       F
            +---------+---------+-------+---------+---------+-------
      Total |      28 |       0 |   0.0 |      15 |       0 |   0.0
            +---------+---------+-------+---------+---------+-------
        D:1 |       8 |       0 |   0.0 |       4 |       0 |   0.0
        D:2 |      20 |       0 |   0.0 |      11 |       0 |   0.0
            +---------+---------+-------+---------+---------+-------
